 Dungeon Crawl Stone Soup version 0.32-a0-886-g41c5271027 (webtiles) character file.

Game seed: 8765794506769362708

53 wilfster70 the Digger (level 3, -5/19 HPs)
             Began as a Gargoyle Earth Elementalist on Apr 2, 2024.
             Slain by a gnoll
             ... wielding a +0 halberd of flaming
              (7 damage)
             ... on level 2 of the Dungeon.
             The game lasted 00:02:45 (696 turns).

wilfster70 the Digger (Gargoyle Earth Elementalist)  Turns: 696, Time: 00:02:46

Health: -5/19      AC:  5    Str: 11    XL:     3   Next: 87%
Magic:  2/7        EV: 11    Int: 17    God:
Gold:   34         SH:  0    Dex: 10    Spells: 3/7 levels left

rFire   . . .        a - +0 dagger
rCold   . . .        (no shield)
rNeg    + . .        c - +0 robe
rPois   ∞            (no helmet)
rElec   +            (no cloak)
rCorr   .            (no gloves)
SInv    .            (no boots)
Will    .....        (no amulet)
Stlth   ++           (no ring)
HPRegen 0.23/turn    (no ring)
MPRegen 0.10/turn

%: no passive effects
@: no status effects
A: sickness immunity, AC +3, negative energy resistance 1, electricity
resistance, torment resistance 1, petrification resistance
a: no special abilities


You were on level 2 of the Dungeon.
You visited 1 branch of the dungeon, and saw 2 of its levels.

You collected 76 gold pieces.
You spent 42 gold pieces at shops.

Inventory:

Hand Weapons
 a - a +0 dagger (weapon)
Armour
 c - a +0 robe (worn)
 e - a +2 kite shield
Scrolls
 d - a scroll of fear
Potions
 b - a potion of magic
 f - a potion of invisibility
 g - a potion of haste


   Skills:
 - Level 1.5 Dodging
 - Level 2.1 Stealth
 + Level 2.6 Spellcasting
 - Level 1.1 Conjurations
 * Level 5.1 Earth Magic


You had 3 spell levels left.
You knew the following spells:

 Your Spells              Type           Power      Damage    Failure   Level
a - Sandblast             Erth           38%        2d10      2%          1
b - Stone Arrow           Conj/Erth      24%        3d8       16%         3

Your spell library contained the following spells:

 Spells                   Type           Power      Damage    Failure   Level
 Passwall                 Erth           19%        N/A       7%          3
 Brom's Barrelling Bould  Conj/Erth      12%        2d4       45%         4
 Petrify                  Alch/Erth      10%        N/A       54%         4


Dungeon Overview and Level Annotations

Branches:
Dungeon (2/15)

Altars:

Shops:
D:1 :!??:


Innate Abilities, Weirdness & Mutations

You are immune to sickness and miasma.
Your stone body is resilient. (AC +3)
You are immune to poison.
You resist negative energy. (rN+)
You are resistant to electric shocks. (rElec)
You are resistant to unholy torment.
You are immune to petrification.


Message History

Aim: an adder (70% to hit)
The blast of sand hits the adder!
You kill the adder!
You see here an adder corpse.
A gnoll comes into view. It is wielding a +0 flail.
The gnoll shouts!
You hear a shout!
Your magical contamination has completely faded away.
You see here a scroll labelled AFUMIE TUBOCOXO.
Casting: Sandblast (safe; 2% risk of failure)
Confirm with . or Enter, or press ? or * to list all spells.
Aiming: Sandblast (safe; 2% risk of failure)
Press: ? - help, Shift-Dir - straight line, f - gnoll
Aim: a gnoll, wielding a +0 flail (84% to hit)
The blast of sand misses the gnoll.
Casting: Sandblast (safe; 2% risk of failure)
Confirm with . or Enter, or press ? or * to list all spells.
Aiming: Sandblast (safe; 2% risk of failure)
Press: ? - help, Shift-Dir - straight line, f/p - gnoll
Aim: a gnoll, wielding a +0 flail (84% to hit)
The blast of sand hits the gnoll.
The gnoll is moderately wounded.
The gnoll hits you with a +0 flail.
A gnoll comes into view. It is wielding a +0 halberd of flaming.
Casting: Sandblast (safe; 2% risk of failure)
Confirm with . or Enter, or press ? or * to list all spells.
Aiming: Sandblast (safe; 2% risk of failure)
Press: ? - help, Shift-Dir - straight line, f/p - gnoll
Aim: a gnoll, wielding a +0 flail (moderately wounded, 84% to hit)
The blast of sand hits the gnoll!
You kill the gnoll!
Your Earth Magic skill increases to level 5!
You open the door. The gnoll attacks as it pursues you!
The gnoll hits you from afar with a +0 halberd of flaming!
* * * LOW HITPOINT WARNING * * *
The gnoll burns you.
* * * LOW HITPOINT WARNING * * *
There is an open door here.
The gnoll hits you from afar with a +0 halberd of flaming!
You die...

#.. ##'## #.# #.# ##...## #.#
#.### ##.....## #.# #.#.##
##.......## ##.##
####....####.........####...##
...........'.........'.......#
####....####.........####...)###
###..# ##.......## #....†..#
##.# ##..@..## #.###.#.# #.#
##...## #. #.#.# #.# ##g#### #.
#.#.# #.# #.##.####.###.#.# #.#
####?.....##.......# #.#
#....)...#.######.### #.#
#.##.....†.######.# #.#
.................#
#.#....###.########


You could see a gnoll.

Vanquished Creatures
  A gnoll (D:2)
  2 adders (D:2)
  A ball python (D:1)
  3 endoplasms (D:1)
  A giant cockroach (D:1)
  4 goblins (D:1)
  3 hobgoblins
  A quokka (D:1)
  2 bats (D:1)
  4 kobolds
  3 rats (D:1)
25 creatures vanquished.

Notes
Turn   | Place    | Note
-------+----------+-------------------------------------------
     0 | D:1      | wilfster70 the Gargoyle Earth Elementalist began the quest
                  | for the Orb.
     0 | D:1      | Reached XP level 1. HP: 10/10 MP: 3/3
    59 | D:1      | Reached skill level 4 in Earth Magic
    89 | D:1      | Reached XP level 2. HP: 15/15 MP: 3/5
   141 | D:1      | Found Siocumut's Book Shoppe.
   149 | D:1      | Found Gyvvax's Magic Scroll Emporium.
   213 | D:1      | Found Doitepog's Magic Scroll Emporium.
   219 | D:1      | Bought a scroll of identify for 28 gold pieces
   294 | D:1      | Found Hawagyr's Distillery.
   317 | D:1      | Found Guew's Book Shoppe.
   347 | D:1      | Bought a potion of degeneration for 14 gold pieces
   540 | D:2      | Reached XP level 3. HP: 17/19 MP: 2/6
   580 | D:2      | Learned a level 3 spell: Stone Arrow
   692 | D:2      | Reached skill level 5 in Earth Magic
   696 | D:2      | Slain by a gnoll

Illustrated notes

Levels and vault maps discovered:
D:1:      dreamdust_arrival_beginning_and_end, layout_rooms, serial_shops, shop,
          shop, shop, shop, nicolae_shop_rolled_up
D:2:      layout_loops_corners, minivault_26, uniq_jessica

Skill      XL: |  1  2  3 |
---------------+----------+-----
Earth Magic    | 4 5 |  5.1
Dodging        | |  1.5
Stealth        | |  2.1
Spellcasting   | |  2.6
Conjurations   | |  1.1

Action                     || total
---------------------------++-------
  Melee: Dagger            ||     6
   Cast: Sandblast         ||    36
    Use: Scroll            ||     3
 Armour: Robe              ||    15
  Dodge: Dodged            ||    10

Table legend: (Time is in decaauts)
 A = Elapsed time spent in this place.
 B = Non-inter-level travel time spent in this place.
 C = Inter-level travel time spent in this place.
 D = Time resting spent in this place.
 E = Time spent auto-exploring this place.
 F = Levels seen in this place.
 G = Mean time per level.
                   A        B        C        D        E       F      G
               +--------+--------+--------+--------+--------+-----+--------+
         Total |    713 |    703 |     10 |    107 |    242 |   2 |  356.5 |
       Dungeon |    713 |    703 |     10 |    107 |    242 |   2 |  356.5 |
               +--------+--------+--------+--------+--------+-----+--------+

Top non-repeatable levels by time:
     D:1: 488 daAuts
     D:2: 224 daAuts
